 Dungeon Crawl Stone Soup version 0.30-a0-459-g9104f0fc43 (webtiles) character file.

Game seed: 11168918057640991635

528 NinjaNoafa the Trooper (level 7, 0/54 HPs)
             Began as a Djinni Fire Elementalist on Dec 15, 2022.
             Slain by an orc warrior
             ... wielding a +0 trident
              (4 damage)
             ... on level 4 of the Dungeon.
             The game lasted 00:05:38 (3514 turns).

NinjaNoafa the Trooper (Djinni Fire Elementalist)   Turns: 3514, Time: 00:05:38

Health: 0/54       AC:  3    Str:  7    XL:     7   Next: 48%
Gold:   320        EV: 12    Int: 25    God:
                   SH:  0    Dex: 13

rFire   + + .      SeeInvis .    (no weapon)
rCold   . . .      Faith    .    (no shield)
rNeg    . . .      Spirit   .    r - +0 robe {Will+}
rPois   ∞          Reflect  .    (no helmet)
rElec   .          Harm     .    (no cloak)
rCorr   .          Rampage  .    c - +0 pair of gloves
Will    +....                    (boots unavailable)
Stlth   ++........               (no amulet)
HPRegen 0.29/turn                o - +6 ring of intelligence
MPRegen 0.00/turn                a - ring of protection from cold

@: on blink cooldown, flying
A: sickness immunity, fire resistance 2, cold vulnerability 1, float, innate
caster, HP casting, extra vitality 1
a: no special abilities


You were on level 4 of the Dungeon.
You visited 1 branch of the dungeon, and saw 4 of its levels.

You collected 320 gold pieces.

Inventory:

Missiles
 b - 56 stones
 h - 11 poisoned darts
 j - 6 boomerangs
 s - 3 javelins
Armour
 c - a +0 pair of gloves (worn)
 r - a +0 robe of willpower (worn)
Jewellery
 a - a ring of protection from cold (right hand)
 o - a +6 ring of intelligence (left hand)
Scrolls
 d - 2 scrolls of butterflies {unknown}
 e - a scroll of immolation {unknown}
 f - 4 scrolls of identify {unknown}
 i - a scroll of enchant weapon {unknown}
 l - a scroll of teleportation {unknown}
 q - a scroll of fog {unknown}
Potions
 g - a potion of mutation {unknown}
 m - 2 potions of degeneration {unknown}
 n - 2 potions of berserk rage {unknown}
 p - a potion of lignification {unknown}
 t - a potion of ambrosia {unknown}
 v - a potion of attraction {unknown}


   Skills:
 + Level 5.0 Fighting
 - Level 2.1 Dodging
 - Level 1.5 Stealth
 + Level 4.6 Spellcasting


You couldn't memorise any spells.
You knew the following spells:

 Your Spells              Type           Power      Damage    Failure   Level
a - Foxfire               Conj/Fire      100%       2x1d9     1%          1
b - Scorch                Fire           58%        2d8       1%          2
c - Kindle Blastsparks    Fire/Tloc/Air  58%        2d14      3%          3
d - Inner Flame           Hex/Fire       29%        N/A       3%          3
e - Flame Wave            Conj/Fire      29%        2d9       12%         4
f - Summon Small Mammal   Summ           100%       N/A       1%          1
g - Blink                 Tloc           58%        N/A       1%          2
h - Call Imp              Summ           29%        N/A       1%          2
Your spell library was empty.

Dungeon Overview and Level Annotations

Branches:
Dungeon (4/15)
 Temple: D:4-7

Altars:
The Shining One

Annotations:
D:4 1 runed translucent door


Innate Abilities, Weirdness & Mutations

You are immune to sickness and miasma.
You are immune to poison.
Your flesh is very heat resistant. (rF++)
You are vulnerable to cold. (rC-)
You float through the air rather than walking.
You learn spells naturally, not from books.
Your magical power is your life essence.
You have superior vitality. (+4 MHP)


Message History

Your crimson imp blinks!
Your crimson imp blinks!
The orc warrior hits you from afar with a +0 trident.
The orc warrior hits you from afar with a +0 trident!
Your crimson imp hits the orc warrior but does no damage.
Casting: Inner Flame (dangerous; 3% risk of failure)
Confirm with . or Enter, or press ? or * to list all spells.
You conjure some foxfire!
Your crimson imp disappears in a puff of smoke!
The orc warrior hits you from afar with a +0 trident!
* * * LOW HITPOINT WARNING * * *
Your foxfire dissipates!
The foxfire hits the orc warrior.
Flame seeps out of the orc warrior.
The orc warrior is lightly wounded.
The orc warrior is engulfed in blazing flames.
Flame seeps out of the orc warrior.
Casting: Foxfire (safe; 1% risk of failure)
Confirm with . or Enter, or press ? or * to list all spells.
You conjure some foxfire!
* * * LOW HITPOINT WARNING * * *
The orc warrior hits you from afar with a +0 trident.
* * * LOW HITPOINT WARNING * * *
Your foxfire dissipates!
The foxfire hits the orc warrior but does no damage.
The orc warrior is heavily wounded.
You feel much better. The orc warrior closely misses you.
Casting: Foxfire (safe; 1% risk of failure)
Confirm with . or Enter, or press ? or * to list all spells.
You blink.
The orc warrior closely misses you.
The orc warrior attacks as you move away!
The orc warrior hits you with a +0 trident!
* * * LOW HITPOINT WARNING * * *
The orc warrior hits you from afar with a +0 trident!
* * * LOW HITPOINT WARNING * * *
Casting: Blink (safe; 1% risk of failure)
Confirm with . or Enter, or press ? or * to list all spells.
You conjure some foxfire!
* * * LOW HITPOINT WARNING * * *
The orc warrior hits you from afar with a +0 trident.
You die...

###########
#[......ov#########
#.#######.@v.))...# #.#
#########.# #######.#
#o# ......#.# ##### #)#
..###.#)# #...# #oo.#
......#.# #.#.# #...#
.###..#.#######.#.##
##'## .#
#...............####
.########
.###..................#
..#......


You could see an orc warrior (inner flame, ally target).

Vanquished Creatures
  2 phantoms (D:4)
  2 scorpions
  A howler monkey (D:4)
  An orc wizard (D:4)
  6 gnolls
  2 adders
  A worm (D:2)
  2 dart slugs
  2 orcs (D:4)
  6 bats
  2 endoplasms
  3 giant cockroaches
  5 goblins
  4 hobgoblins
  3 quokkas
  4 ball pythons
  A frilled lizard (D:1)
  6 kobolds
  A rat (D:3)
54 creatures vanquished.

Vanquished Creatures (collateral kills)
  An orc wizard (D:4)
  An adder (D:4)
  2 gnolls (D:4)
  An ufetubus (D:4)
  2 orcs (D:4)
  An endoplasm (D:3)
  A giant cockroach (D:3)
  A hobgoblin (D:4)
  2 kobolds
  A ball python (D:1)
  3 bats
  A frilled lizard (D:3)
  A rat (D:3)
18 creatures vanquished.

Vanquished Creatures (others)
  145 foxfires
145 creatures vanquished.

Grand Total: 217 creatures vanquished

Notes
Turn   | Place    | Note
-------+----------+-------------------------------------------
     0 | D:1      | NinjaNoafa the Djinni Fire Elementalist began the quest for
                  | the Orb.
     0 | D:1      | NinjaNoafa set off with the following spells memorised:
                  | Foxfire, Scorch, Kindle Blastsparks, Inner Flame, Flame
                  | Wave.
     0 | D:1      | Reached XP level 1. HP: 15/15 MP: 0/0
   205 | D:1      | Reached XP level 2. HP: 19/22 MP: 0/0
   252 | D:1      | Reached skill level 1 in Fighting
   582 | D:1      | Reached XP level 3. HP: 13/27 MP: 0/0
   582 | D:1      | Learned a level 1 spell: Summon Small Mammal
   935 | D:2      | Noticed a scorpion
   939 | D:2      | Killed a scorpion
   940 | D:2      | Reached skill level 2 in Fighting
   940 | D:2      | Reached XP level 4. HP: 28/34 MP: 0/0
  1200 | D:2      | Reached XP level 5. HP: 34/40 MP: 0/0
  1200 | D:2      | Learned a level 2 spell: Blink
  1203 | D:2      | Reached skill level 3 in Fighting
  2451 | D:4      | Noticed a phantom
  2465 | D:4      | Killed a phantom
  2466 | D:4      | Reached XP level 6. HP: 43/47 MP: 0/0
  2536 | D:4      | Found a glowing golden altar of the Shining One.
  2562 | D:4      | Reached skill level 4 in Fighting
  2814 | D:4      | HP: 2/48 [shot self (7)]
  2817 | D:4      | Reached XP level 7. HP: 2/53 MP: 0/0
  2817 | D:4      | Learned a level 2 spell: Call Imp
  3130 | D:4      | Found a runed translucent door.
  3473 | D:4      | Reached skill level 5 in Fighting
  3514 | D:4      | Slain by an orc warrior

Illustrated notes

Levels and vault maps discovered:
D:1:      lightli_arrival_maybe_door_vault, layout_basic
D:2:      layout_rooms
D:3:      layout_rooms, vehumet_crystals
D:4:      layout_loops_ring, amcnicky_altar_gilded, ebering_ghost_sewer_f,
          pf_guarded_unrand_delatra

Skill      XL: |  1  2  3  4  5  6  7 |
---------------+----------------------+-----
Fighting       | 1 2 3 4 5 |  5.0
Spellcasting   | 3 4 |  4.6
Dodging        | |  2.1
Stealth        | |  1.5

Action                   |  1- 3 |  4- 6 |  7- 9 || total
-------------------------+-------+-------+-------++-------
Melee: Unarmed           |       |     2 |       ||     2
 Cast: Foxfire           |    26 |    55 |    13 ||    94
       Scorch            |    14 |       |       ||    14
       Summon Small Mamm |     4 |    28 |     3 ||    35
       Inner Flame       |     2 |    21 |     6 ||    29
       Kindle Blastspark |     2 |     6 |       ||     8
       Blink             |       |     3 |     2 ||     5
       Call Imp          |       |       |     3 ||     3
  Use: Potion            |       |       |     2 ||     2
Armor: Robe              |     5 |     6 |       ||    11
Dodge: Dodged            |     4 |    39 |    11 ||    54

Table legend: (Time is in decaauts)
 A = Elapsed time spent in this place.
 B = Non-inter-level travel time spent in this place.
 C = Inter-level travel time spent in this place.
 D = Time resting spent in this place.
 E = Time spent auto-exploring this place.
 F = Levels seen in this place.
 G = Mean time per level.
                   A        B        C        D        E       F      G
               +--------+--------+--------+--------+--------+-----+--------+
         Total |   3511 |   3408 |    103 |      0 |   2815 |   4 |  877.8 |
       Dungeon |   3511 |   3408 |    103 |      0 |   2815 |   4 |  877.8 |
               +--------+--------+--------+--------+--------+-----+--------+

Top non-repeatable levels by time:
     D:4: 1157 daAuts
     D:1: 849 daAuts
     D:2: 843 daAuts
     D:3: 661 daAuts
